 Dungeon Crawl Stone Soup version 0.30-a0-269-gf0224bf7b6 (webtiles) character file.

Game seed: 6910184793696548944

1603 chippings the Changer (level 8, -3/65 HPs)
             Began as a Merfolk Transmuter on Oct 14, 2022.
             Was an Initiate of Gozag.
             Slain by a black bear (4 damage)
             ... on level 5 of the Dungeon.
             The game lasted 00:12:42 (4728 turns).

chippings the Changer (Merfolk Transmuter)          Turns: 4728, Time: 00:12:43

Health: -3/65      AC:  2    Str: 16    XL:     8   Next: 94%
Magic:  11/11      EV: 20    Int: 14    God:    Gozag
Gold:   551        SH:  0    Dex: 20    Spells: 3/11 levels left

rFire   . . .      SeeInvis .      - Unarmed
rCold   . . .      Faith    .    (shield currently unavailable)
rNeg    . . .      Spirit   .    (body armour currently unavailable)
rPois   x          Reflect  .    (helmet currently unavailable)
rElec   .          Harm     .    (cloak currently unavailable)
rCorr   .          Rampage  .    (gloves currently unavailable)
Will    .....                    (boots currently unavailable)
Stlth   ++........               f - amulet of magic regeneration
HPRegen 0.30/turn                h - +6 ring of strength
MPRegen 0.52/turn                (no ring)

@: spider-form
A: venomous fangs, tiny, (nimble swimmer 2), (mertail)
a: End Transformation, Renounce Religion, Potion Petition, Call Merchant, Bribe
Branch


You were on level 5 of the Dungeon.
You worshipped Gozag.
Gozag was pleased with you.
You were a venomous arachnid creature.
You visited 2 branches of the dungeon, and saw 6 of its levels.

You collected 614 gold pieces.
You paid 63 gold pieces to Gozag.

Inventory:

Armour
 u - a +0 cloak (melded)
 H - a +1 hat (melded)
 Z - a +0 robe (melded)
Jewellery
 f - an amulet of magic regeneration (around neck)
 h - a +6 ring of strength (left front leg)
 i - a ring of ice
 t - a ring of fire
Wands
 n - a wand of digging (3)
 r - a wand of charming (11)
Scrolls
 c - a scroll of summoning
 d - a scroll of magic mapping
 e - 3 scrolls of teleportation
 j - 3 scrolls of immolation
 o - a scroll of enchant armour
 p - 2 scrolls of vulnerability
 w - a scroll of amnesia
Potions
 a - 2 potions of cancellation
 b - a potion of flight
 g - a potion of heal wounds
 k - 2 potions of ambrosia {unknown}
 l - a potion of lignification
 m - 2 potions of berserk rage {unknown}
 q - a potion of might {unknown}
 s - 2 potions of resistance {unknown}


   Skills:
 + Level 6.3 Fighting
 - Level 2.6 Dodging
 + Level 7.1 Unarmed Combat
 - Level 2.0 Spellcasting
 + Level 7.9 Transmutations
 + Level 3.3 Ice Magic
 - Level 3.0 Poison Magic


You had 3 spell levels left.
You knew the following spells:

 Your Spells              Type           Power      Damage    Failure   Level
a - Beastly Appendage     Tmut           46%        N/A       4%          1
b - Spider Form           Tmut/Pois      16%        N/A       21%         3
c - Ice Form              Ice/Tmut       17%        N/A       45%         4

Your spell library contained the following spells:

 Spells                   Type           Power      Damage    Failure   Level
 Wereblood                Tmut           23%        N/A       6%          2
 Passwall                 Tmut/Erth      10%        N/A       19%         2
 Sandblast                Erth           2%         2d4       45%         1
 Stone Arrow              Conj/Erth      2%         3d7       77%         3


Dungeon Overview and Level Annotations

Branches:
Dungeon (5/15)             Temple (1/1) D:4

Altars:
Cheibriados
Elyvilon
Gozag
Hepliaklqana
Kikubaaqudgha
Nemelex Xobeh
Okawaru
Qazlal
Ru
Sif Muna
Trog
Uskayaw
Vehumet
Wu Jian
Zin
The Shining One

Shops:
D:1 =?[*


Innate Abilities, Weirdness & Mutations

You are a venomous arachnid creature.
You have poisonous fangs.
You are tiny and dextrous.
Your spellcasting is less reliable in this form.
Your armour is entirely melded.
You are incapable of wielding weapons or throwing items.
((You are very nimble when in or above water. (Stealth+, EV+, Speed+++)))
((Your lower body shifts to a powerful aquatic tail in water.))


Message History

You kill the ufetubus!
You see here 5 gold pieces.
You see here 5 gold pieces.
You now have 551 gold pieces (gained 5).
Casting: Spider Form (dangerous; 8% risk of failure)
Confirm with . or Enter, or press ? or * to list all spells.
You turn into a venomous arachnid creature.
Your +0 cloak melds into your body.
Your +1 hat melds into your body.
Your +0 robe melds into your body.
You bite the black bear!
The black bear is poisoned.
The black bear is heavily wounded.
The black bear closely misses you. x2
The black bear claws you but does no damage.
You hit the black bear.
The black bear looks as sick as possible!
The black bear is heavily wounded.
The black bear goes berserk!
You hit the black bear but do no damage.
The black bear is severely wounded.
The black bear closely misses you. The black bear claws you. x2
You completely miss the black bear.
The black bear is severely wounded.
The black bear bites you! The black bear misses you.
The black bear closely misses you.
You hit the black bear.
The black bear looks as sick as possible!
The black bear is almost dead.
The black bear misses you. The black bear claws you. x2
The black bear bites you!
* * * LOW HITPOINT WARNING * * *
The black bear claws you!
* * * LOW HITPOINT WARNING * * *
The black bear closely misses you.
You completely miss the black bear.
The black bear is almost dead.
The black bear bites you!
* * * LOW HITPOINT WARNING * * *
The black bear claws you.
You die...
Your body crumbles into a pile of gold.

#### #..........#
#..## #......o...#
#...##########
##.....oo.##
##...........#
#........##
#.#########.#
..######## #.## #.# .#
#>.########.#####.#
##.##...........h.#
#.##..........s.##
#.##..........#.......
#.##..............####
###..#..........#####
.......).....####
.......)####.#
####..))####.###
#...).........
#....#).########


You could see a black bear (berserk, extremely poisoned).

Vanquished Creatures
  4 yaks (D:5)
  Eustachio (D:4)
  An ice beast (D:5)
  A phantom (D:5)
  A necrophage (D:4)
  A scorpion (D:5)
  2 hounds (D:5)
  A jelly (D:5)
  4 orc priests
  Jessica (D:2)
  Terence (D:3)
  2 iguanas
  5 orc wizards
  Robin (D:4)
  3 adders
  An ufetubus (D:5)
  A worm (D:2)
  2 dart slugs
  13 orcs
  10 ball pythons
  5 bats
  7 endoplasms
  2 giant cockroaches
  13 goblins
  12 hobgoblins
  8 jackals
  6 kobolds
  3 quokkas
  7 frilled lizards
  5 rats
124 creatures vanquished.

Vanquished Creatures (others)
  A plant (D:4)
1 creature vanquished.

Grand Total: 125 creatures vanquished

Notes
Turn   | Place    | Note
-------+----------+-------------------------------------------
     0 | D:1      | chippings the Merfolk Transmuter began the quest for the
                  | Orb.
     0 | D:1      | Reached XP level 1. HP: 15/15 MP: 3/3
    28 | D:1      | Found Ocysoqee's Magic Scroll Boutique.
   214 | D:1      | Reached XP level 2. HP: 11/21 MP: 3/5
   280 | D:1      | Found Plog's Assorted Antiques.
   380 | D:1      | Found Wepeshy's Antique Armour Boutique.
   429 | D:1      | Found Ryefeud's General Store.
   490 | D:1      | Reached XP level 3. HP: 27/27 MP: 6/6
   507 | D:1      | Learned a level 3 spell: Spider Form
   589 | D:1      | Found Bait Hoi's Jewellery Boutique.
  1038 | D:2      | Noticed Jessica
  1040 | D:2      | Identified the +0 ring mail "Ticych" {*Corrode rPois Int+2}
  1054 | D:2      | Killed Jessica
  1055 | D:2      | Reached skill level 1 in Poison Magic
  1055 | D:2      | Reached XP level 4. HP: 14/34 MP: 7/7
  1641 | D:3      | Noticed Terence
  1650 | D:3      | Killed Terence
  1651 | D:3      | Reached XP level 5. HP: 11/40 MP: 8/8
  1764 | D:2      | Learned a level 4 spell: Ice Form
  2187 | D:4      | Found a staircase to the Ecumenical Temple.
  2195 | Temple   | Entered the Ecumenical Temple
  2284 | Temple   | Became a worshipper of Gozag Ym Sagoz the Greedy
  2464 | D:4      | Noticed Eustachio
  2474 | D:5      | Entered Level 5 of the Dungeon
  2499 | D:4      | Killed Eustachio
  2500 | D:4      | Reached XP level 6. HP: 11/47 MP: 9/9
  3080 | D:4      | Reached skill level 5 in Transmutations
  3137 | D:4      | Noticed Robin
  3143 | D:4      | Killed Robin
  3456 | D:4      | Reached skill level 5 in Unarmed Combat
  3456 | D:4      | Reached XP level 7. HP: 45/53 MP: 10/10
  4094 | D:5      | Noticed a yak
  4095 | D:5      | Noticed a yak
  4095 | D:5      | Noticed a yak
  4109 | D:5      | Killed a yak
  4111 | D:5      | Noticed a yak
  4129 | D:5      | Killed a yak
  4130 | D:5      | Reached skill level 5 in Fighting
  4130 | D:5      | Reached XP level 8. HP: 35/62 MP: 11/11
  4138 | D:5      | Killed a yak
  4148 | D:5      | Killed a yak
  4728 | D:5      | HP: 1/65 [black bear (8)]
  4728 | D:5      | Slain by a black bear

Illustrated notes

Levels and vault maps discovered:
D:1:      nzn_arrival_depleted_hourglass, layout_basic, serial_shops, shop,
          shop_fountains, nicolae_shop_statue_plus, shop, shop_coins,
          chequers_serial_rivers_small_a, minmay_octomino_c4
D:2:      layout_basic, grunt_decor_resistance, uniq_jessica
D:3:      layout_rooms, uniq_terence
D:4:      layout_basic, minmay_temple_entry_overgrown, uniq_eustachio,
          uniq_robin
D:5:      layout_rooms
Temple:   regret_index_temple_sphere_string

Skill      XL: |  1  2  3  4  5  6  7  8 |
---------------+-------------------------+-----
Transmutations | 3 4 5 6 7 |  7.9
Fighting       | 2 3 5 6 |  6.3
Unarmed Combat | 4 5 7 |  7.1
Poison Magic   | 1 2 3 |  3.0
Ice Magic      | 2 3 |  3.3
Dodging        | |  2.6
Spellcasting   | |  2.0

Action                   |  1- 3 |  4- 6 |  7- 9 || total
-------------------------+-------+-------+-------++-------
Melee: Unarmed           |    85 |   198 |   124 ||   407
       Headbutt          |     2 |    22 |       ||    24
       Punch             |     2 |     2 |       ||     4
 Cast: Beastly Appendage |     7 |    16 |       ||    23
       Spider Form       |       |     8 |    10 ||    18
       Ice Form          |       |       |     2 ||     2
  Use: Potion            |     1 |     1 |     2 ||     4
       Scroll            |       |     6 |     3 ||     9
 Stab: Sleeping          |     1 |     1 |       ||     2
       Distracted        |       |       |     1 ||     1
Armor: Robe              |    17 |    22 |     4 ||    43
       Skin              |     5 |     2 |     6 ||    13
Dodge: Dodged            |    55 |   112 |   105 ||   272

Table legend: (Time is in decaauts)
 A = Elapsed time spent in this place.
 B = Non-inter-level travel time spent in this place.
 C = Inter-level travel time spent in this place.
 D = Time resting spent in this place.
 E = Time spent auto-exploring this place.
 F = Levels seen in this place.
 G = Mean time per level.
                   A        B        C        D        E       F      G
               +--------+--------+--------+--------+--------+-----+--------+
         Total |   4689 |   4538 |    151 |    381 |   2607 |   6 |  781.5 |
       Dungeon |   4510 |   4371 |    139 |    381 |   2539 |   5 |  902.0 |
        Temple |    179 |    167 |     12 |      0 |     68 |   1 |  179.0 |
               +--------+--------+--------+--------+--------+-----+--------+

Top non-repeatable levels by time:
     D:4: 1731 daAuts
     D:1: 1022 daAuts
     D:2: 695 daAuts
     D:5: 640 daAuts
     D:3: 420 daAuts
  Temple: 179 daAuts
